 Dungeon Crawl Stone Soup version 0.19.5 (webtiles) character file.

660143 FelipeSwartz the Swordmaster (level 27, -5/273 HPs)
             Began as a Minotaur Fighter on May 9, 2017.
             Was the Champion of Okawaru.
             Killed from afar by an orb of fire (96 damage)
             ... with a fireball
             ... on level 3 of the Realm of Zot on May 11, 2017.
             The game lasted 10:48:09 (82449 turns).

FelipeSwartz the Swordmaster (Minotaur Fighter)    Turns: 82449, Time: 10:48:10

Health: -5/273     AC: 39    Str: 23    XL:     27
Magic:  37/37      EV: 27    Int:  8    God:    Okawaru [******]
Gold:   5916       SH: 30    Dex: 24    Spells: 9 memorised, 11 levels left

rFire  . . .     SeeInvis +     P - +10 scimitar of the Onslaught {flame, MP+9 Str+5 Stlth+}
rCold  + + .     Gourm    .     g - +12 plate armour of the Archfiend {Dex+2 SInv}
rNeg   + . .     Faith    .     v - +1 large shield {rC+}
rPois  .         Spirit   .     J - +2 hat {MR+}
rElec  .         Reflect  +     (no cloak)
rCorr  .         Harm     .     X - +2 pair of gloves {archery}
MR     ++++.                    T - +2 pair of boots {run}
Stlth  ..........               D - amulet of Gyfo Gue {Reflect rC+ Str-5 Slay+2 SH+2}
                                n - ring "Fiowkuom" {rN+ MR+ AC+3 Dex+4}
                                N - ring of Shaolin {EV+8}

@: heroism, corroded, very slightly contaminated, hasted, very quick
A: retaliatory headbutt, horns 2
a: Heroism, Finesse, Renounce Religion
}: 3/15 runes: serpentine, barnacled, silver


You were on level 3 of the Realm of Zot.
You worshipped Okawaru.
Okawaru was exalted by your worship.
You were not hungry.

You visited 10 branches of the dungeon, and saw 49 of its levels.
You visited the Abyss 1 time.
You also visited: Ice Cave and Desolation.

You collected 7610 gold pieces.
You spent 1694 gold pieces at shops.

Inventory:

Hand Weapons
 E - the +6 hunting sling of Ashenzari {flame, rF+ rN+ Dex+2}
   (You found it on level 1 of the Vaults)

   It causes projectiles fired from it to burn those they strike, causing extra
   injury to most foes and up to half again as much damage against particularly
   susceptible opponents.
   It affects your dexterity (+2).
   It protects you from fire.
   It protects you from negative energy.
 P - the +10 scimitar of the Onslaught (weapon) {flame, MP+9 Str+5 Stlth+}
   (Okawaru gifted it to you on level 2 of the Elven Halls)

   It has been specially enchanted to burn those struck by it, causing extra
   injury to most foes and up to half again as much damage against particularly
   susceptible opponents.
   Big, fiery blades are also staple armaments of hydra-hunters.
   It affects your strength (+5).
   It affects your magic capacity (+9).
   It makes you more stealthy.
 W - the +9 falchion of Eternity {freeze, +Rage Int+3 Stlth+}
   (You found it on level 5 of the Vaults)

   It has been specially enchanted to freeze those struck by it, causing extra
   injury to most foes and up to half again as much damage against particularly
   susceptible opponents.
   It can also slow down cold-blooded creatures.
   It affects your intelligence (+3).
   It lets you go berserk.
   It makes you more stealthy.
Missiles
 e - 30 silver javelins
 i - 586 sling bullets
 j - 17 javelins of returning (quivered)
 x - 12 javelins of penetration
Armour
 g - the +12 plate armour of the Archfiend (worn) {Dex+2 SInv}
   (You bought it in a shop on level 2 of the Orcish Mines)

   It affects your dexterity (+2).
   It lets you see invisible.
 s - a +2 pair of boots of flying
 v - a +1 large shield of cold resistance (worn)
 J - a +2 hat of magic resistance (worn)
 Q - a +1 cloak of magic resistance
 T - a +2 pair of boots of running (worn)
 X - a +2 pair of gloves of archery (worn)
Jewellery
 n - the ring "Fiowkuom" (right hand) {rN+ MR+ AC+3 Dex+4}
   (You took it off a deep elf sorcerer on level 3 of the Elven Halls)

   [ring of protection]

   It affects your AC (+3).
   It affects your dexterity (+4).
   It protects you from negative energy.
   It affects your resistance to hostile enchantments.
 C - a +4 ring of intelligence
 D - the amulet of Gyfo Gue (around neck) {Reflect rC+ Str-5 Slay+2 SH+2}
   (You found it in an ice cave)

   [amulet of reflection]

   It shields you and reflects attacks.
   It affects your strength (-5).
   It affects your accuracy and damage with ranged weapons and melee attacks
   (+2).
   It protects you from cold.
   It affects your SH (+2).
 N - the ring of Shaolin (left hand) {EV+8}
   (You found it on level 4 of the Snake Pit)

   [ring of evasion]

   It affects your evasion (+8).
Wands
 b - a wand of digging (3/24)
 m - a wand of teleportation (4/9)
 p - a wand of heal wounds (3/9)
 w - a wand of disintegration (24/24)
 U - a wand of teleportation (3/9)
Scrolls
 c - 2 scrolls of holy word
 d - 2 scrolls of magic mapping
 h - 3 scrolls of summoning
 o - 6 scrolls of recharging
 q - 16 scrolls of remove curse
 u - 2 scrolls of silence
 F - 11 scrolls of identify
 H - 17 scrolls of teleportation
 L - 6 scrolls of blinking
 O - 8 scrolls of fog
 V - 6 scrolls of fear
Potions
 l - 7 potions of cure mutation
 t - 11 potions of heal wounds
 y - 6 potions of cancellation
 z - 2 potions of haste
 A - 5 potions of might
 G - 26 potions of curing
 I - a potion of berserk rage
 K - 5 potions of agility
 M - 2 potions of invisibility
 Z - 4 potions of resistance
Miscellaneous
 a - a phial of floods
 k - 3 phantom mirrors
 S - a fan of gales
 Y - a lamp of fire
Comestibles
 f - 30 bread rations
 r - 3 chunks of flesh
 B - 21 beef jerkies
 R - 33 meat rations


   Skills:
 O Level 27 Fighting
 O Level 27 Long Blades
 + Level 16.9(21.9) Slings
 * Level 24.1(27) Armour
 + Level 8.9(13.9) Dodging
 O Level 27 Shields
 - Level 9.2 Invocations
 * Level 7.9 Evocations


You had 11 spell levels left.
You knew the following spells:

 Your Spells              Type           Power        Failure   Level  Hunger
a - Passwall              Tmut/Erth      #.........   99%         2    ###....
b - Corona                Hex            #......      98%         1    ##.....
c - Swiftness             Chrm/Air       #.......     99%         2    ###....
d - Mephitic Cloud        Conj/Pois/Air  #.......     100%        3    ####...
e - Blink                 Tloc           N/A          99%         2    ###....
f - Repel Missiles        Chrm/Air       #.....       99%         2    ###....
g - Beastly Appendage     Tmut           #.....       98%         1    ##.....
h - Sting                 Conj/Pois      #...         98%         1    ##.....
i - Apportation           Tloc           #.........   98%         1    ##.....


Dungeon Overview and Level Annotations

Branches:
Dungeon (15/15)            Temple (1/1) D:5            Lair (6/6) D:11
 Shoals (4/4) Lair:3        Snake (4/4) Lair:4        Slime (0/5) Lair:6
    Orc (2/2) D:12            Elf (3/3) Orc:2        Vaults (5/5) D:14
  Crypt (0/3) Vaults:2     Depths (5/5) D:15            Zot (4/5) Depths:5

Altars:
Dithmenos
Elyvilon
Fedhas
Gozag
Kikubaaqudgha
Makhleb
Nemelex Xobeh
Okawaru
Uskayaw
Vehumet
Xom
Zin
The Shining One
Jiyva

Shops:
Orc:2 =%*[   Elf:1 (   Elf:2 (   Shoals:3 (   Vaults:2 }   Vaults:3 !

Portals:
Hell: Depths:1 Depths:2 Depths:3 Depths:4 Depths:5
Abyss: Depths:2 Depths:3 Depths:4
Pandemonium: Depths:1 Depths:2 Depths:3 Depths:4
Ziggurat: Depths:2

Annotations:
Depths:5 3 runed doors


Innate Abilities, Weirdness & Mutations

You reflexively headbutt those who attack you in melee.
You have a pair of horns on your head.


Message History

You climb upwards.
An orb of fire comes into view.
The orb of fire emits a lurid red light.
The bolt of fire hits you!
* * * LOW HITPOINT WARNING * * *
The orb of fire glows deep purple.
The bolt of fire misses you.
There is a stone staircase leading down here.
You feel much better.
Press: ? - help, v - describe, . - travel
Here: an orb of fire The floor.
Press: ? - help, v - describe, . - travel
Here: an orb of fire The floor.
You feel yourself speed up.
You are very lightly contaminated with residual magic.
The orb of fire glows red.
The fireball explodes!
The fireball engulfs you!
You die...

#..##..##..##..##...###........#
#..##..##..##..##..###..........
#.>##..##..##..##..##...........
#..##..##..##..##..##...........
#..##..##..##..##..##...........
#..##..##..##..##..##...........
#..##..##..##..##..##...........
#..##..##.y##......##...........
#..##..##.....(@...###..........
#..##..##.[....##.*.###........#
#..##...)..##.)###...###......##
#..##......##...###.>.###..#####
#......##..###<).###...##..####.
#......##...###.).###.......[...
#..##.[###...###...###..........
#..##..)###...###...############
#..###.)<###...###>..###### ###


You could see an orb of fire and a moth of wrath (wandering).

Vanquished Creatures
  2 juggernauts
  A curse toe (Zot:4)
  Bai Suzhen (Depths:2)
  3 caustic shrikes (Depths:3)
  A Killer Klown (Zot:3)
  The ghost of COBRA the Severer, a veteran NaFi of Makhleb (Elf:3)
  7 golden dragons
  A pearl dragon (Depths:1)
  Jorgrun (Depths:5)
  17 tentacled monstrosities
  5 liches
  Asterion (Snake:1)
  8 titans
  6 quicksilver dragons
  2 deep elf blademasters (Elf:3)
  A deep elf master archer (Elf:3)
  2 krakens
  5 death cobs
  4 tengu reavers
  10 sphinxes
  The ghost of Vinniefish the Carver, an adept HuWn of Trog (Orc:2)
  Ilsuiw (Shoals:4)
  17 storm dragons
  8 shadow dragons
  14 fire giants
  5 draconian monks
  4 ghost moths
  12 nagarajas
  5 draconian knights
  16 frost giants
  2 iron dragons
  An imperial myrmidon (Desolation)
  3 draconian scorchers (Zot:3)
  A balrug (Depths:4)
  6 draconian zealots
  7 deep elf sorcerers
  7 deep elf elementalists
  11 vault wardens
  The ghost of rutigerpupkin the Arsonist, a journeyman GrFE of Vehumet (Shoals:1)
  6 draconian annihilators
  49 very ugly things
  6 draconian shifters
  An orc warlord (Vaults:5)
  10 ironheart preservers
  6 spriggan defenders (Depths:3)
  21 stone giants
  10 war gargoyles
  A reaper (Depths:1)
  4 halazid warlocks (Desolation)
  An apis (Depths:1)
  An entropy weaver (Vaults:5)
  8 deep elf demonologists
  8 green draconians
  4 draconian callers
  A vampire knight (Depths:5)
  An ophan (Depths:1)
  4 spark wasps (Depths:3)
  11 black draconians
  7 deep elf annihilators (Elf:3)
  11 yellow draconians
  20 mottled draconians
  12 red draconians
  6 purple draconians
  8 white draconians
  Snorg (Lair:4)
  18 ettins
  10 deep elf death magi
  5 merfolk javelineers (Shoals:4)
  14 fire dragons
  The ghost of HAWKINGL3623 the Thaumaturge, a journeyman DEAE of Vehumet (D:13)
  12 crystal guardians
  4 jiangshi (D:15)
  8 merfolk impalers
  A fire dragon (shapeshifter) (Depths:2)
  3 deep elf high priests
  6 ragged hierophants (Desolation)
  Harold (Lair:1)
  4 great orbs of eyes
  5 servants of whispers (Desolation)
  39 vault guards
  13 yaktaur captains
  A hydra (shapeshifter) (Depths:2)
  25 naga warriors
  4 rakshasas
  2 great orbs of eyes (shapeshifter)
  6 hydras
  5 spriggan air magi
  A merfolk avatar (Shoals:4)
  Erica (Lair:1)
  13 ice dragons
  12 peacekeepers (Desolation)
  8 centaur warriors
  10 anacondas
  An anaconda (shapeshifter) (Depths:4)
  4 merfolk aquamancers
  3 death knights
  4 satyrs (Shoals:4)
  20 deep troll shamans
  15 ogre magi
  10 death yaks
  An orc high priest (Orc:2)
  10 tengu warriors
  2 thrashing horrors (Abyss:3)
  An alligator snapping turtle (Shoals:4)
  7 deep troll earth magi
  41 dancing weapons
  3 vampire magi
  12 naga sharpshooters
  8 shock serpents
  7 spriggan berserkers
  18 deep elf knights
  18 hell knights
  A shadow wraith (Vaults:4)
  2 sun demons
  3 salamander mystics
  8 iron trolls
  7 glowing orange brains
  9 sea snakes
  4 wizards
  A lindwurm (shapeshifter) (Vaults:3)
  3 obsidian statues (Depths:2)
  42 deep trolls
  9 naga ritualists
  4 flayed ghosts
  Pikel (D:8)
  5 phantasmal warriors
  6 necromancers
  5 hill giants
  11 deep elf archers
  27 ironbrand convokers
  14 orc knights
  An orb spider (shapeshifter) (Depths:1)
  15 harpies
  66 ugly things
  An orange crystal statue (Depths:2)
  13 mana vipers
  11 oklob plants (Zot:2)
  A shadow dragon skeleton (Vaults:3)
  10 orc sorcerers
  A salamander (shapeshifter) (Vaults:3)
  65 deep elf magi
  12 manticores
  19 moths of wrath
  10 wolf spiders
  2 large abominations
  11 cyclopes
  15 salamanders
  A moth of wrath (shapeshifter) (Vaults:1)
  A sphinx skeleton (Vaults:3)
  12 elephants
  12 sirens
  A stone giant skeleton (Vaults:1)
  3 centaur zombies
  A cyclops (shapeshifter) (Depths:2)
  14 guardian serpents
  Joseph (D:7)
  10 vault sentinels
  11 spiny frogs
  41 black mambas
  2 smoke demons
  An ice statue (IceCv)
  An eye of devastation (shapeshifter) (Depths:2)
  33 naga magi
  7 water nymphs
  5 molten gargoyles
  Psyche (D:8)
  A guardian serpent (shapeshifter) (Vaults:4)
  An orange demon (Depths:4)
  A hellion (Abyss:3)
  3 gargoyles
  7 freezing wraiths
  2 human zombies
  5 rime drakes
  A spiny frog (shapeshifter) (Vaults:5)
  3 centaur skeletons
  2 rime drakes (shapeshifter)
  4 tengu conjurers
  7 komodo dragons
  5 trolls
  46 yaktaurs
  A hellwing (Depths:1)
  2 kobold demonologists
  A red devil (Depths:1)
  An ice devil (Elf:1)
  2 queen bees (D:11)
  24 polar bears
  A jumping spider (shapeshifter) (Depths:4)
  14 hornets
  2 wind drakes
  A wind drake (shapeshifter) (Depths:1)
  A tyrant leech (shapeshifter) (Depths:2)
  30 merfolk
  29 two-headed ogres
  62 saltlings (Desolation)
  Grinder (D:3)
  A meliai zombie (D:15)
  11 raiju
  30 slime creatures
  8 snapping turtles
  7 blink frogs (Lair:6)
  4 dream sheep (Lair:6)
  A dream sheep (shapeshifter) (Depths:2)
  10 hippogriffs
  3 frost giant simulacra
  Sigmund (D:3)
  14 air elementals
  An ettin skeleton (Vaults:3)
  3 redbacks (shapeshifter)
  3 redbacks
  4 spriggans
  31 water elementals
  A hog (shapeshifter) (Depths:2)
  73 yaks
  Grum (D:8)
  An elf zombie (Vaults:1)
  Eustachio (D:5)
  8 wyverns
  A human (shapeshifter) (Vaults:3)
  A yak (shapeshifter) (Vaults:1)
  3 basilisks
  8 fire elementals
  2 wraiths
  A steam dragon (D:10)
  7 vampire mosquitoes
  A yaktaur simulacrum (Vaults:3)
  Edmund (D:5)
  3 hungry ghosts
  Menkaure (D:6)
  A mottled dragon (shapeshifter) (Depths:3)
  A swamp worm (shapeshifter) (Depths:2)
  3 insubstantial wisps (Depths:2)
  11 wargs
  99 nagas
  2 soldier ants (shapeshifter)
  17 water moccasins
  3 hell hounds (Lair:6)
  2 small abominations
  A floating eye (Depths:3)
  10 porcupines
  46 orc warriors
  11 sky beasts
  2 ice beasts
  A slave (D:8)
  13 black bears (Lair:6)
  2 eyes of draining (shapeshifter)
  A sky beast (shapeshifter) (Depths:3)
  4 phantoms
  An eye of draining (D:13)
  The ghost of FelipeSwartz the Cutter, an amateur DrWr (D:4)
  43 wolves
  A necrophage (D:10)
  A wolf (shapeshifter) (Depths:2)
  7 boggarts
  45 ogres
  An ogre (shapeshifter) (D:14)
  13 centaurs
  9 crocodiles
  An orc skeleton (Vaults:1)
  A big kobold (shapeshifter) (Depths:3)
  Blork the orc (D:6)
  2 big kobolds (D:10)
  17 bullfrogs
  A gnoll sergeant (D:10)
  17 earth elementals
  A yaktaur skeleton (Vaults:1)
  4 scorpions
  2 wyvern skeletons
  49 killer bees
  A howler monkey (D:3)
  2 electric eels (Lair:5)
  A bullfrog zombie (D:11)
  2 crimson imps
  3 human simulacra
  4 quasits
  17 hounds
  4 jellies
  30 orc priests
  29 orc wizards
  Crazy Yiuf (D:3)
  Ijyb (D:4)
  3 bullfrog skeletons
  5 iguanas
  19 worker ants
  A hound zombie (D:6)
  A hound skeleton (D:10)
  3 worker ant zombies
  Robin (D:2)
  2 howler monkey zombies
  8 gnolls
  A howler monkey skeleton (D:7)
  17 adders
  4 shadow imps
  An ooze (D:3)
  4 adder skeletons
  A worm (shapeshifter) (Vaults:5)
  A worm (D:3)
  5 ball lightnings (Depths:2)
  2 dart slugs
  7 leopard geckos
  91 orcs
  6 giant cockroaches
  23 goblins
  7 hobgoblins
  12 jackals
  17 kobolds
  3 quokkas
  6 bats
  6 frilled lizards
  A frilled lizard (shapeshifter) (Depths:2)
  A quokka zombie (D:8)
  14 rats
  2 crawling corpses (Elf:3)
  3 fungi
  A plant (Lair:4)
  8 tentacles
2745 creatures vanquished.

Vanquished Creatures (others)
  A deep elf master archer (Elf:3)
  A vault warden (Vaults:5)
  4 stone giants
  A deep elf annihilator (Elf:3)
  A deep elf demonologist (Elf:3)
  A black draconian (Zot:3)
  An ettin (Vaults:5)
  2 merfolk javelineers
  4 yaktaur captains
  A naga warrior (Snake:2)
  A merfolk aquamancer (Shoals:4)
  2 dancing weapons
  3 naga sharpshooters (Snake:4)
  A hell knight (Depths:4)
  An ironbrand convoker (Desolation)
  An orc knight (Vaults:2)
  A deep elf mage (Elf:3)
  2 ugly things
  2 salamanders
  A naga mage (Snake:4)
  8 yaktaurs
  A troll (Orc:1)
  A saltling (Desolation)
  2 slaves (D:8)
  A wolf (D:8)
  An orc wizard (Orc:2)
  4 ball lightnings (Depths:2)
  2 orcs
  2 bushes (Zot:2)
  25 fungi
  33 plants
  13 tentacles
125 creatures vanquished.

Grand Total: 2870 creatures vanquished

Notes
Turn   | Place    | Note
-------+----------+-------------------------------------------
     0 | D:1      | FelipeSwartz the Minotaur Fighter began the quest for the Orb.
     0 | D:1      | Reached XP level 1. HP: 19/19 MP: 0/0
    53 | D:1      | Reached XP level 2. HP: 27/27 MP: 1/1
   656 | D:1      | Reached XP level 3. HP: 33/33 MP: 2/2
   952 | D:2      | Noticed Robin
   973 | D:2      | Killed Robin
  1051 | D:2      | Reached XP level 4. HP: 40/40 MP: 3/3
  1654 | D:3      | Noticed Sigmund
  1673 | D:3      | Killed Sigmund
  1673 | D:3      | Reached skill level 5 in Long Blades
  1673 | D:3      | Reached skill level 1 in Slings
  1673 | D:3      | Reached XP level 5. HP: 7/46 MP: 4/4
  1744 | D:3      | Reached XP level 6. HP: 21/52 MP: 5/5
  1863 | D:3      | Reached skill level 5 in Armour
  2176 | D:3      | Found a runed door.
  2181 | D:3      | Noticed Crazy Yiuf
  2188 | D:3      | Killed Crazy Yiuf
  2359 | D:3      | Noticed Grinder
  2376 | D:3      | Killed Grinder
  2376 | D:3      | Reached XP level 7. HP: 36/60 MP: 6/6
  2941 | D:4      | Reached skill level 5 in Shields
  2976 | D:4      | Found a shadowy altar of Dithmenos.
  2977 | D:4      | Found a shimmering altar of Xom.
  3293 | D:4      | Noticed FelipeSwartz's ghost (amateur DrWr)
  3328 | D:4      | Killed FelipeSwartz's ghost
  3412 | D:4      | Noticed Ijyb
  3430 | D:4      | Killed Ijyb
  3552 | D:5      | Entered Level 5 of the Dungeon
  3599 | D:5      | Found a sparkling altar of Nemelex Xobeh.
  3633 | D:5      | Reached skill level 1 in Dodging
  3654 | D:5      | Reached skill level 5 in Fighting
  3654 | D:5      | Reached XP level 8. HP: 68/68 MP: 7/7
  3671 | D:5      | Found a staircase to the Ecumenical Temple.
  3682 | Temple   | Entered the Ecumenical Temple
  3695 | Temple   | Became a worshipper of Warmaster Okawaru
  3718 | D:5      | Noticed Eustachio
  3730 | D:5      | Killed Eustachio
  3996 | D:5      | Noticed Edmund
  4020 | D:5      | Killed Edmund
  4020 | D:5      | Reached * piety under Okawaru
  4276 | D:5      | Got an iridescent scythe
  4550 | D:6      | Reached skill level 5 in Slings
  4723 | D:6      | Noticed Blork the orc
  4727 | D:6      | Killed Blork the orc
  4746 | D:6      | Noticed Menkaure
  4749 | D:6      | Killed Menkaure
  4749 | D:6      | Reached XP level 9. HP: 68/75 MP: 8/8
  4797 | D:6      | Found a glowing silver altar of Zin.
  5038 | D:6      | Found a hide-covered altar of Uskayaw.
  5039 | D:6      | Found an opulent altar of Gozag.
  5255 | D:7      | Reached ** piety under Okawaru
  5321 | D:7      | Noticed Joseph
  5339 | D:7      | Killed Joseph
  5739 | D:7      | Reached skill level 10 in Long Blades
  5937 | D:7      | You fall through a shaft for 2 floors!
  6217 | D:9      | Reached *** piety under Okawaru
  6511 | D:8      | Noticed Psyche
  6513 | D:8      | Reached XP level 10. HP: 86/86 MP: 9/9
  6521 | D:8      | Killed Psyche
  6700 | D:8      | Noticed Pikel
  6700 | D:8      | Noticed Grum
  6750 | D:8      | Killed Pikel
  6750 | D:8      | Reached **** piety under Okawaru
  6761 | D:8      | Killed Grum
  6856 | D:8      | Identified the +2 scythe "Urhigg" {antimagic, rF+++ rC- Str+6 Int-4} (You found it on level 5 of the Dungeon)
  7440 | D:9      | Reached ***** piety under Okawaru
  7646 | D:10     | Entered Level 10 of the Dungeon
  7796 | D:11     | Found a staircase to the Lair.
  7890 | D:11     | Received a gift from Okawaru
  7890 | D:11     | Reached XP level 11. HP: 69/95 MP: 7/10
  8055 | D:10     | Received a gift from Okawaru
  8560 | D:10     | Learned a level 2 spell: Passwall
  8562 | D:10     | Learned a level 1 spell: Corona
  8725 | D:10     | Noticed a hill giant
  8736 | D:10     | Killed a hill giant
  9330 | D:11     | Received a gift from Okawaru
  9666 | D:11     | Reached skill level 10 in Fighting
 10241 | Lair:1   | Entered Level 1 of the Lair of Beasts
 10241 | Lair:1   | Noticed Harold
 10255 | Lair:1   | Killed Harold
 10291 | Lair:1   | Reached skill level 10 in Shields
 10291 | Lair:1   | Reached XP level 12. HP: 108/108 MP: 11/11
 10329 | Lair:1   | Noticed Erica
 10340 | Lair:1   | Killed Erica
 11245 | Lair:1   | Received a gift from Okawaru
 11644 | Lair:2   | Noticed a death yak
 11644 | Lair:2   | Noticed a death yak
 11649 | Lair:2   | Noticed a death yak
 11658 | Lair:1   | Killed a death yak
 11708 | Lair:2   | Killed a death yak
 11714 | Lair:2   | Killed a death yak
 11976 | Lair:2   | Reached skill level 10 in Armour
 12148 | Lair:2   | Noticed a six-headed hydra
 12155 | Lair:2   | Killed a three-headed hydra
 12155 | Lair:2   | Reached ****** piety under Okawaru
 12332 | Lair:2   | Reached skill level 15 in Long Blades
 12974 | Lair:2   | Received a gift from Okawaru
 13120 | Lair:2   | Reached XP level 13. HP: 87/124 MP: 12/12
 13315 | Lair:3   | Found a staircase to the Shoals.
 13407 | Lair:3   | Received a gift from Okawaru
 13929 | Lair:4   | Found a staircase to the Snake Pit.
 14313 | Lair:4   | Noticed Snorg
 14608 | Lair:5   | Reached skill level 15 in Fighting
 14674 | Lair:5   | Received a gift from Okawaru
 15373 | Lair:4   | Killed Snorg
 15373 | Lair:4   | Received a gift from Okawaru
 15375 | Lair:4   | Got a translucent chain mail {god gift}
 15386 | Lair:4   | Identified the +1 chain mail "Osaamal" {rN+ Regen+ Str+3 Int-5} (Okawaru gifted it to you on level 4 of the Lair of Beasts)
 16035 | Lair:4   | You fall through a shaft!
 16092 | Lair:6   | Entered Level 6 of the Lair of Beasts
 16142 | Lair:6   | Found a viscous altar of Jiyva.
 16143 | Lair:6   | Found a staircase to the Slime Pits.
 16500 | Lair:6   | Reached XP level 14. HP: 35/138 MP: 13/13
 16824 | Lair:6   | Reached skill level 10 in Slings
 17495 | Lair:6   | Received a gift from Okawaru
 17780 | Lair:6   | Received a gift from Okawaru
 18206 | Lair:6   | Received a gift from Okawaru
 18990 | Lair:6   | Received a gift from Okawaru
 19170 | D:12     | Found a staircase to the Orcish Mines.
 19783 | D:12     | Reached skill level 1 in Invocations
 19870 | D:12     | Learned a level 2 spell: Swiftness
 20456 | D:13     | Found a shimmering altar of Xom.
 20462 | D:13     | Received a gift from Okawaru
 20656 | D:13     | Noticed HAWKINGL3623's ghost (journeyman DEAE)
 20670 | D:13     | Killed HAWKINGL3623's ghost
 20670 | D:13     | Reached XP level 15. HP: 145/148 MP: 14/14
 21360 | D:14     | Found a gate to the Vaults.
 21831 | D:15     | Entered Level 15 of the Dungeon
 22227 | D:15     | Received a gift from Okawaru
 22560 | D:15     | Noticed a frost giant
 22576 | D:15     | Killed a frost giant
 22577 | D:15     | Found a staircase to the Depths.
 23143 | Orc:1    | Entered Level 1 of the Orcish Mines
 23203 | Orc:2    | Entered Level 2 of the Orcish Mines
 23323 | Orc:1    | Received a gift from Okawaru
 23355 | Orc:1    | Found a frozen archway.
 23370 | IceCv    | Entered an ice cave
 23571 | IceCv    | Received a gift from Okawaru
 23914 | IceCv    | Noticed a frost giant
 23949 | IceCv    | Killed a frost giant
 23955 | IceCv    | Reached skill level 15 in Shields
 24215 | IceCv    | Got a transparent amethyst amulet
 24224 | IceCv    | Identified the amulet of Gyfo Gue {Reflect rC+ Str-5 Slay+2 SH+2} (You found it in an ice cave)
 24624 | Orc:1    | Found a burning altar of Makhleb.
 24862 | Orc:2    | Noticed Vinniefish's ghost (adept HuWn)
 25054 | Orc:2    | Killed Vinniefish's ghost
 25324 | Orc:2    | Received a gift from Okawaru
 25331 | Orc:2    | Found Ruhor's Antique Armour Boutique.
 25331 | Orc:2    | Found Myezxiod's General Store.
 25334 | Orc:2    | Found Qiwnu's Jewellery Shop.
 25338 | Orc:2    | Found Famunwit's Food Shop.
 25391 | Orc:2    | Bought a scroll of random uselessness for 15 gold pieces
 25394 | Orc:2    | Bought a scroll of identify for 30 gold pieces
 25398 | Orc:2    | Bought a cursed ring of loudness for 63 gold pieces
 25398 | Orc:2    | Bought a cursed -3 ring of intelligence for 28 gold pieces
 25428 | Orc:2    | Bought a pearl-encrusted plate armour for 896 gold pieces
 25438 | Orc:2    | Identified the +12 plate armour of the Archfiend {Dex+2 SInv} (You bought it in a shop on level 2 of the Orcish Mines)
 25511 | Orc:2    | Reached XP level 16. HP: 147/159 MP: 16/16
 25804 | Orc:2    | Found a staircase to the Elven Halls.
 26419 | Shoals:1 | Entered Level 1 of the Shoals
 26896 | Shoals:1 | Noticed rutigerpupkin's ghost (journeyman GrFE)
 26941 | Shoals:1 | Killed rutigerpupkin's ghost
 28875 | Shoals:3 | Noticed a kraken
 28894 | Shoals:3 | Killed a kraken
 29053 | Shoals:3 | Found Cojaf's Antique Weapon Shoppe.
 29573 | Shoals:4 | Entered Level 4 of the Shoals
 30134 | Shoals:4 | Received a gift from Okawaru
 30468 | Shoals:4 | Reached skill level 1 in Evocations
 30691 | Shoals:4 | Learned a level 3 spell: Mephitic Cloud
 30866 | Shoals:4 | Noticed Ilsuiw
 30907 | Shoals:4 | Killed Ilsuiw
 30907 | Shoals:4 | Reached skill level 5 in Invocations
 31623 | Shoals:4 | Reached XP level 17. HP: 91/168 MP: 18/20
 32251 | Shoals:4 | Got a barnacled rune of Zot
 32309 | Shoals:4 | Noticed a kraken
 32351 | Shoals:4 | Killed a kraken
 33159 | Snake:1  | Entered Level 1 of the Snake Pit
 33385 | Snake:1  | Noticed Asterion
 33488 | Snake:1  | Received a gift from Okawaru
 33903 | Snake:1  | Killed Asterion
 36501 | Snake:3  | Received a gift from Okawaru
 37607 | Snake:4  | Entered Level 4 of the Snake Pit
 37683 | Snake:4  | Reached XP level 18. HP: 178/178 MP: 21/21
 37902 | Snake:4  | Received a gift from Okawaru
 37921 | Snake:4  | Got a translucent hunting sling {god gift}
 37922 | Snake:4  | Identified the +5 hunting sling of the King {freeze, Int+5} (Okawaru gifted it to you on level 4 of the Snake Pit)
 38937 | Snake:4  | Reached skill level 15 in Armour
 38950 | Snake:4  | Received a gift from Okawaru
 40769 | Snake:4  | Got a serpentine rune of Zot
 41797 | Snake:4  | Received a gift from Okawaru
 42023 | Snake:4  | Reached XP level 19. HP: 151/187 MP: 22/22
 42677 | Elf:1    | Entered Level 1 of the Elven Halls
 43035 | Elf:1    | Learned a level 2 spell: Blink
 43035 | Elf:1    | Found Piwiegoifu's Antique Weapon Emporium.
 43133 | Elf:1    | Cast into level 3 of the Abyss (a deep elf sorcerer)
 43201 | Elf:1    | Escaped the Abyss
 44238 | Elf:2    | Found Pymn's Antique Weapon Shoppe.
 44597 | Elf:2    | Found a huge runed gate.
 44597 | Elf:2    | Found a huge runed gate.
 44597 | Elf:2    | Found a huge runed gate.
 44597 | Elf:2    | Found a huge runed gate.
 44598 | Elf:2    | Found a huge runed gate.
 44687 | Elf:2    | Received a gift from Okawaru
 44808 | Elf:2    | Received a gift from Okawaru
 44823 | Elf:2    | Got a slimy scimitar {god gift}
 44824 | Elf:2    | Identified the +10 scimitar of the Onslaught {flame, MP+9 Str+5 Stlth+} (Okawaru gifted it to you on level 2 of the Elven Halls)
 45199 | Elf:3    | Entered Level 3 of the Elven Halls
 45484 | Elf:3    | Found a radiant altar of Vehumet.
 45586 | Elf:3    | Received a gift from Okawaru
 45614 | Elf:3    | Noticed COBRA's ghost (veteran NaFi)
 45623 | Elf:3    | Received a gift from Okawaru
 45653 | Elf:3    | Reached XP level 20. HP: 78/198 MP: 23/23
 46382 | Elf:3    | Killed COBRA's ghost
 46690 | Elf:3    | Received a gift from Okawaru
 46729 | Elf:3    | Received a gift from Okawaru
 47341 | Elf:3    | Got a wavering steel ring
 47355 | Elf:3    | Identified the ring "Xypsotzu" {+Blink EV+2} (You took it off a deep elf annihilator on level 3 of the Elven Halls)
 47370 | Elf:3    | Got a coiled silver ring
 47380 | Elf:3    | Identified the ring "Fiowkuom" {rN+ MR+ AC+3 Dex+4} (You took it off a deep elf sorcerer on level 3 of the Elven Halls)
 47398 | Elf:3    | Got a coiled zirconium amulet
 47399 | Elf:3    | Got a slimy falchion {flame}
 47400 | Elf:3    | Identified the +5 falchion of Wealth {flame, +Rage rF+} (You took it off a deep elf annihilator on level 3 of the Elven Halls)
 47421 | Elf:3    | Identified the amulet of Unaph {Gourm MR++} (You took it off a deep elf annihilator on level 3 of the Elven Halls)
 47427 | Elf:3    | Got an encrusted ring mail
 47438 | Elf:3    | Identified the cursed +1 ring mail of Urustirgh {rElec Regen+ Str+2} (You took it off a deep elf high priest on level 3 of the Elven Halls)
 47443 | Elf:3    | Got an ichor-stained hunting sling {god gift}
 47444 | Elf:3    | Identified the +5 hunting sling of Vuxtain {flame, Dex+3} (Okawaru gifted it to you on level 3 of the Elven Halls)
 47481 | Elf:3    | Got a glittering zirconium amulet
 47625 | Elf:3    | Identified the amulet "Uhuoll" {Harm *Drain rC- rN+ Dex+3 SInv} (You took it off a deep elf demonologist on level 3 of the Elven Halls)
 47629 | Elf:3    | Identified the Incunabulum of Arcane Weapons and Weightlessness
 47634 | Elf:3    | Learned a level 2 spell: Repel Missiles
 47655 | Elf:3    | Identified Sif Muna's Almanac of the Mutagenic Rocks
 47663 | Elf:3    | Identified the Incunabulum of Supportive Transmigration
 47680 | Elf:3    | Got a fine plate armour
 47730 | Elf:3    | Identified the +7 plate armour of the Jabberwock {-Cast rF+ Dex+4 Slay+3} (You found it on level 3 of the Elven Halls)
 47752 | Elf:3    | Learned a level 1 spell: Beastly Appendage
 48100 | Vaults:1 | Entered Level 1 of the Vaults
 49112 | Vaults:1 | Received a gift from Okawaru
 49112 | Vaults:1 | Reached skill level 5 in Dodging
 49189 | Vaults:1 | Got a dazzling hunting sling
 49190 | Vaults:1 | Identified the +6 hunting sling of Ashenzari {flame, rF+ rN+ Dex+2} (You found it on level 1 of the Vaults)
 49309 | Vaults:1 | Received a gift from Okawaru
 49707 | Vaults:2 | Found Peggyble's Gadget Shop.
 49723 | Vaults:2 | Bought a wand of heal wounds (2/9) for 612 gold pieces
 49774 | Vaults:2 | Found a staircase to the Crypt.
 50355 | Vaults:2 | Reached XP level 21. HP: 206/206 MP: 24/24
 50822 | Vaults:2 | Received a gift from Okawaru
 51077 | Vaults:3 | Received a gift from Okawaru
 51324 | Vaults:3 | Found Varph's Distillery.
 51345 | Vaults:3 | Bought a potion of heal wounds for 50 gold pieces
 51427 | Vaults:3 | Received a gift from Okawaru
 52412 | Vaults:4 | Found a ruined gateway.
 52423 | Desolati | Entered the Desolation of Salt
 53298 | Desolati | Identified the Tome of Atheism
 53473 | Desolati | Received a gift from Okawaru
 53719 | Desolati | Received a gift from Okawaru
 53980 | Desolati | Learned a level 1 spell: Sting
 53982 | Desolati | Got a fine great sword
 53988 | Desolati | Identified the +7 great sword of Fragile Peace {speed, rPois rF- rN++ Str+3} (You found it in the Desolation of Salt)
 54924 | Vaults:4 | Received a gift from Okawaru
 54982 | Vaults:4 | Reached XP level 22. HP: 127/217 MP: 25/25
 55809 | Vaults:5 | Entered Level 5 of the Vaults
 55888 | Vaults:4 | Received a gift from Okawaru
 57506 | Vaults:5 | Received a gift from Okawaru
 57876 | Vaults:5 | Got a fine falchion {slice}
 57877 | Vaults:5 | Identified the cursed +3 falchion of an ice cave {slice, Str+5} (You took it off an ogre mage on level 5 of the Vaults)
 57930 | Vaults:5 | Reached XP level 23. HP: 227/227 MP: 26/26
 58062 | Vaults:5 | Got a brightly glowing falchion
 58063 | Vaults:5 | Identified the +9 falchion of Eternity {freeze, +Rage Int+3 Stlth+} (You found it on level 5 of the Vaults)
 58100 | Vaults:5 | Received a gift from Okawaru
 58528 | Vaults:5 | Received a gift from Okawaru
 58560 | Vaults:5 | Got a silver rune of Zot
 59128 | Vaults:5 | Got a flickering granite ring
 59130 | Vaults:5 | Identified the ring of Deruebu {rF+ Int+4 Stlth-} (You found it on level 5 of the Vaults)
 59446 | Vaults:5 | Received a gift from Okawaru
 59666 | Vaults:5 | Identified a +2 pair of boots of running (You found it on level 5 of the Vaults)
 60511 | Vaults:2 | Received a gift from Okawaru
 60675 | Depths:1 | Entered Level 1 of the Depths
 61146 | Depths:1 | Found a gateway to Hell.
 61366 | Depths:1 | Received a gift from Okawaru
 61399 | Depths:1 | Got an encrusted hunting sling {god gift}
 61400 | Depths:1 | Identified the +5 hunting sling of Juil Veitz {flame, rPois Str+2} (Okawaru gifted it to you on level 1 of the Depths)
 61749 | Depths:1 | Found a one-way gate leading to the halls of Pandemonium.
 62192 | Depths:1 | Reached XP level 24. HP: 226/237 MP: 26/26
 62205 | Depths:1 | Found a glowing silver altar of Zin.
 62205 | Depths:1 | Found a white marble altar of Elyvilon.
 62206 | Depths:1 | Found a glowing golden altar of the Shining One.
 62782 | Depths:2 | Received a gift from Okawaru
 62786 | Depths:2 | Got a smoking plate armour {god gift}
 62814 | Depths:2 | Identified the +8 plate armour of Submission {rC+ Int+4 Dex+4} (Okawaru gifted it to you on level 2 of the Depths)
 63133 | Depths:2 | Noticed Bai Suzhen
 63483 | Depths:2 | Killed Bai Suzhen
 63944 | Depths:2 | Identified a scroll of acquirement
 63958 | Depths:2 | Got a transparent plate armour
 63969 | Depths:2 | Identified the +9 plate armour of the Vacuum {+Blink rElec rC- Dex+7} (You acquired it on level 2 of the Depths)
 64435 | Depths:2 | Identified the Papyrus of Creative Translocation
 64439 | Depths:2 | Learned a level 1 spell: Apportation
 64497 | Depths:2 | Found a gateway to a ziggurat.
 64505 | Depths:2 | Found a one-way gate to the infinite horrors of the Abyss.
 65396 | Depths:3 | Received a gift from Okawaru
 66093 | Depths:3 | Received a gift from Okawaru
 66276 | Depths:3 | Reached skill level 27 in Long Blades
 67293 | Depths:3 | Noticed a juggernaut
 67296 | Depths:3 | Reached XP level 25. HP: 232/248 MP: 26/26
 67329 | Depths:3 | Killed a juggernaut
 67329 | Depths:3 | Received a gift from Okawaru
 68727 | Depths:4 | Reached skill level 27 in Shields
 69183 | Depths:4 | Received a gift from Okawaru
 70930 | Depths:4 | Received a gift from Okawaru
 71111 | Depths:4 | Reached XP level 26. HP: 236/264 MP: 22/27
 71224 | Depths:4 | Reached skill level 27 in Fighting
 71559 | Depths:5 | Entered Level 5 of the Depths
 71709 | Depths:5 | Noticed Jorgrun
 71717 | Depths:5 | Killed Jorgrun
 71827 | Depths:5 | Noticed a juggernaut
 71839 | Depths:5 | Killed a juggernaut
 73108 | Depths:5 | Received a gift from Okawaru
 73108 | Depths:5 | Reached skill level 15 in Slings
 73333 | Depths:5 | Found a runed door.
 73356 | Depths:5 | Found a runed door.
 73382 | Depths:5 | Found a runed door.
 73389 | Depths:5 | Found a runed door.
 73580 | Depths:5 | Found a runed door.
 73580 | Depths:5 | Found a runed door.
 73707 | Depths:5 | Found a gate to the Realm of Zot.
 73719 | Zot:1    | Entered Level 1 of the Realm of Zot
 75617 | Zot:1    | Reached XP level 27. HP: 273/273 MP: 28/28
 75664 | Zot:2    | Reached skill level 5 in Evocations
 75885 | Zot:2    | Received a gift from Okawaru
 75886 | Zot:2    | Got a slimy ring mail {god gift}
 80186 | Zot:3    | Received a gift from Okawaru
 80966 | Zot:4    | Received a gift from Okawaru
 81364 | Zot:4    | Received a gift from Okawaru
 82442 | Zot:3    | Noticed an orb of fire
 82449 | Zot:3    | Killed from afar by an orb of fire

Skill      XL: |  1  2  3  4  5  6  7  8  9 10 11 12 13 14 15 16 17 18 19 20 21 22 23 24 25 26 27 |
---------------+----------------------------------------------------------------------------------+-----
Armour         | 4 5 6 7 8 9 10 12 13 14 15 16 17 18 20 24 | 24.1
Long Blades    | 3 4 5 6 7 8 10 12 14 15 16 17 18 19 20 21 22 23 24 25 26 27 | 27.0
Fighting       | 4 5 6 7 8 10 14 16 17 18 19 20 21 22 23 24 26 27 | 27.0
Shields        | 4 5 6 7 8 10 11 12 13 15 16 17 18 19 21 22 23 25 26 27 | 27.0
Slings         | 1 2 4 5 7 8 9 10 11 12 13 14 15 16 | 16.9
Dodging        | 1 3 4 5 6 8 |  8.9
Invocations    | 1 5 6 7 9 |  9.2
Evocations     | 1 4 7 |  7.9

Action                   |  1- 3 |  4- 6 |  7- 9 | 10-12 | 13-15 | 16-18 | 19-21 | 22-24 | 25-27 || total
-------------------------+-------+-------+-------+-------+-------+-------+-------+-------+-------++-------
Melee: Long sword        |    76 |    95 |   115 |       |       |       |       |       |       ||   286
       Headbutt          |    13 |    16 |    62 |   175 |   411 |   445 |   538 |   713 |   800 ||  3173
       Falchion          |       |       |   192 |   661 |   754 |       |       |   262 |   497 ||  2366
       Scimitar          |       |       |       |     6 |   540 |       |  1301 |  1676 |  1584 ||  5107
       Demon blade       |       |       |       |       |   214 |  1603 |   371 |       |       ||  2188
 Fire: Hunting sling     |     5 |    18 |   171 |   111 |   282 |   653 |   184 |   276 |   371 ||  2071
Throw: Stone             |       |     1 |     1 |       |    72 |       |       |       |       ||    74
       Tomahawk          |       |       |       |       |       |    29 |       |       |       ||    29
       Javelin           |       |       |       |       |       |    34 |    13 |    55 |    15 ||   117
Invok: Heroism           |       |       |     3 |     2 |    17 |    11 |    15 |    19 |    21 ||    88
       Finesse           |       |       |       |       |       |     3 |     1 |     4 |     5 ||    13
 Abil: Stop Flying       |       |       |       |       |     3 |     2 |     1 |     2 |       ||     8
       Evoke Flight      |       |       |       |       |     2 |     3 |       |     2 |       ||     7
Evoke: Phial of floods   |       |       |       |       |     1 |       |       |       |       ||     1
       Wand              |       |       |       |       |       |     2 |     2 |     1 |     2 ||     7
  Use: Potion            |       |     1 |       |       |     2 |     3 |     3 |     1 |     4 ||    14
       Scroll            |       |       |     5 |    13 |    12 |    18 |     8 |     4 |     5 ||    65
 Stab: Invisible         |       |       |       |       |       |       |     1 |       |       ||     1
  Eat: Chunk             |     1 |     4 |    15 |    20 |    40 |    33 |    43 |    37 |    42 ||   235
       Pizza             |       |       |       |     1 |       |     1 |       |       |       ||     2
       Beef jerky        |       |       |       |       |     1 |       |       |     1 |     2 ||     4
       Fruit             |       |       |       |       |       |    20 |       |       |     3 ||    23
       Royal jelly       |       |       |       |       |       |       |       |     1 |       ||     1
Armor: Scale mail        |    29 |     2 |       |       |       |       |       |       |       ||    31
       Chain mail        |       |    58 |    84 |       |       |       |       |       |       ||   142
       Plate armour      |       |       |    77 |   325 |   556 |   615 |   338 |   431 |   537 ||  2879
       Skin              |       |       |       |       |    16 |       |       |       |       ||    16
Dodge: Dodged            |    23 |    21 |    59 |   134 |   307 |   274 |   447 |   609 |   720 ||  2594
Block: Shield            |    26 |    55 |   136 |   381 |   788 |   554 |       |       |       ||  1940
       Reflection        |       |       |       |       |     4 |   192 |    87 |   122 |   100 ||   505
       Large shield      |       |       |       |       |       |   849 |  1604 |  1961 |  2135 ||  6549
       Rpst.: Long sword |     7 |     4 |     7 |       |       |       |       |       |       ||    18
       Falchion          |       |       |     7 |    36 |    44 |       |       |    18 |    14 ||   119
       Scimitar          |       |       |       |       |    13 |       |    81 |    98 |    66 ||   258
       Demon blade       |       |       |       |       |     4 |    30 |    15 |       |       ||    49
